 Dungeon Crawl Stone Soup version 0.30-a0-739-gea05faddec (webtiles) character file.

Game seed: 11281499686635815458

60 holysushi the Conjurer (level 4, 32/32 HPs)
             Began as a Gnoll Conjurer on Feb 4, 2023.
             Quit the game on level 2 of the Dungeon.
             The game lasted 00:01:45 (1304 turns).

holysushi the Conjurer (Gnoll Conjurer)             Turns: 1304, Time: 00:01:46

Health: 32/32      AC:  4    Str:  6    XL:     4   Next: 6%
Magic:  6/11       EV: 13    Int: 19    God:
Gold:   61         SH:  0    Dex: 11    Spells: 7/13 levels left

rFire   . . .      SeeInvis .    g - staff of death
rCold   . . .      Faith    .    (no shield)
rNeg    + . .      Spirit   .    a - +0 robe
rPois   .          Reflect  .    c - +0 helmet
rElec   .          Harm     .    (no cloak)
rCorr   .          Rampage  .    (no gloves)
Will    .....                    n - +0 pair of boots
Stlth   ++                       (no amulet)
HPRegen 0.25/turn                (no ring)
MPRegen 0.12/turn                (no ring)

@: no status effects
A: fangs 1, strong nose, distributed training
a: no special abilities


You were on level 2 of the Dungeon.
You visited 1 branch of the dungeon, and saw 2 of its levels.

You collected 61 gold pieces.

Inventory:

Armour
 a - a +0 robe (worn)
 c - a +0 helmet (worn)
 n - a +0 pair of boots (worn)
Magical Staves
 g - a staff of death (weapon)
Jewellery
 e - a ring of flight
 p - a ring of positive energy
Scrolls
 d - a scroll of enchant weapon {unknown}
 h - 6 scrolls of identify {unknown}
 i - a scroll of butterflies {unknown}
 k - 2 scrolls of noise {unknown}
 m - a scroll of acquirement {unknown}
 o - a scroll of amnesia {unknown}
Potions
 b - a potion of magic
 f - a potion of brilliance {unknown}
 j - a potion of flight {unknown}
 l - a potion of heal wounds {unknown}
 q - a potion of invisibility {unknown}
 r - a potion of mutation {unknown}
 s - a potion of cancellation {unknown}


   Skills:
 + Level 1.0 Fighting
 + Level 1.0 Short Blades
 + Level 1.0 Long Blades
 + Level 1.0 Axes
 + Level 1.0 Maces & Flails
 + Level 1.0 Polearms
 + Level 1.0 Staves
 + Level 1.0 Ranged Weapons
 + Level 1.0 Throwing
 + Level 1.0 Armour
 + Level 4.6 Dodging
 + Level 4.2 Stealth
 + Level 1.0 Shields
 + Level 1.0 Unarmed Combat
 + Level 5.0 Spellcasting
 + Level 7.1 Conjurations
 + Level 0.8 Hexes
 + Level 0.8 Summonings
 + Level 0.8 Necromancy
 + Level 0.8 Translocations
 + Level 0.8 Transmutations
 + Level 0.8 Fire Magic
 + Level 0.8 Ice Magic
 + Level 0.8 Air Magic
 + Level 0.8 Earth Magic
 + Level 0.8 Poison Magic
 + Level 1.1 Invocations
 + Level 1.0 Evocations


You had 7 spell levels left.
You knew the following spells:

 Your Spells              Type           Power      Damage    Failure   Level
a - Magic Dart            Conj           100%       1d8       1%          1
b - Searing Ray           Conj           62%        2d6       1%          2
c - Dazzling Flash        Conj/Hex       38%        N/A       7%          3

Your spell library contained the following spells:

 Spells                   Type           Power      Damage    Failure   Level
 Fulminant Prism          Conj/Hex       9%         3d6       24%         4
 Iskenderun's Mystic Bla  Conj/Tloc      19%        2d6       24%         4


Dungeon Overview and Level Annotations

Branches:
Dungeon (2/15) Zot: 10685

Altars:


Innate Abilities, Weirdness & Mutations

You have very sharp teeth.
Your uncanny sense of smell can sniff out nearby items.
Your experience applies equally to all skills.


Message History

The magic dart hits the giant cockroach.
You kill the giant cockroach!
Unknown command.
Found a stone staircase leading up.
An adder comes into view.
An adder is nearby!
An adder is nearby!
An adder is nearby!
Casting: Magic Dart (safe; 1% risk of failure)
Confirm with . or Enter, or press ? or * to list all spells.
Aiming: Magic Dart (safe; 1% risk of failure)
Press: ? - help, Shift-Dir - straight line, f - adder
Aim: an adder (asleep, 100% to hit)
The magic dart hits the adder.
The adder is lightly wounded.
The adder hisses angrily.
Casting: Magic Dart (safe; 1% risk of failure)
Confirm with . or Enter, or press ? or * to list all spells.
Aiming: Magic Dart (safe; 1% risk of failure)
Press: ? - help, Shift-Dir - straight line, f/p - adder
Aim: an adder (lightly wounded, 100% to hit)
The magic dart hits the adder.
The adder is heavily wounded.
Casting: Magic Dart (safe; 1% risk of failure)
Confirm with . or Enter, or press ? or * to list all spells.
Aiming: Magic Dart (safe; 1% risk of failure)
Press: ? - help, Shift-Dir - straight line, f/p - adder
Aim: an adder (heavily wounded, 100% to hit)
The magic dart hits the adder.
The adder is almost dead.
Casting: Magic Dart (safe; 1% risk of failure)
Confirm with . or Enter, or press ? or * to list all spells.
Aiming: Magic Dart (safe; 1% risk of failure)
Press: ? - help, Shift-Dir - straight line, f/p - adder
Aim: an adder (almost dead, 100% to hit)
The magic dart hits the adder.
You kill the adder!
You have reached level 4!
You feel agile.
Are you sure you want to abandon this character and quit the game? (Confirm with "yes".)

..............#
#.#
..............#
#.#
......#.#######
#.#
.#####......... ∆
#.#
.#####..##########
#.#
.##..............#
#..#.#
#.##.#.#######.#
#..#.# ###.##.#.#
#.# #..#.#
....##.#.# #@#
#..#.# .#####.#.#
#.# #..#.#
.........#######.#
#..#.#
.........#.......#
#..#.#
.................#
#<.#.#
>.......##.#####.#
#.##.##
........##.# #.#
#.....#
†.###......# #.#
#######
..........<# #.#


There were no monsters in sight!

Vanquished Creatures
  2 adders (D:2)
  8 ball pythons (D:1)
  5 bats
  6 endoplasms
  2 giant cockroaches
  6 goblins (D:1)
  2 hobgoblins (D:1)
  A kobold (D:1)
  A quokka (D:2)
  A frilled lizard (D:1)
  5 rats
39 creatures vanquished.

Notes
Turn   | Place    | Note
-------+----------+-------------------------------------------
     0 | D:1      | holysushi the Gnoll Conjurer began the quest for the Orb.
     0 | D:1      | Reached XP level 1. HP: 13/13 MP: 6/6
   164 | D:1      | Reached XP level 2. HP: 19/19 MP: 4/7
   552 | D:1      | Reached skill level 5 in Spellcasting
   552 | D:1      | Reached XP level 3. HP: 25/25 MP: 3/9
   576 | D:1      | Learned a level 2 spell: Searing Ray
   580 | D:1      | Learned a level 3 spell: Dazzling Flash
   917 | D:2      | Reached skill level 1 in Invocations
  1196 | D:2      | Reached skill level 1 in Fighting
  1196 | D:2      | Reached skill level 1 in Short Blades
  1196 | D:2      | Reached skill level 1 in Long Blades
  1196 | D:2      | Reached skill level 1 in Axes
  1196 | D:2      | Reached skill level 1 in Maces & Flails
  1196 | D:2      | Reached skill level 1 in Polearms
  1196 | D:2      | Reached skill level 1 in Staves
  1196 | D:2      | Reached skill level 1 in Ranged Weapons
  1196 | D:2      | Reached skill level 1 in Throwing
  1196 | D:2      | Reached skill level 1 in Armour
  1196 | D:2      | Reached skill level 1 in Shields
  1196 | D:2      | Reached skill level 1 in Unarmed Combat
  1196 | D:2      | Reached skill level 1 in Evocations
  1300 | D:2      | Reached XP level 4. HP: 32/32 MP: 6/11
  1304 | D:2      | Quit the game

Illustrated notes

Levels and vault maps discovered:
D:1:      zaba_arrival_water, layout_basic
D:2:      layout_basic, basic_altar, st_stairs_3

Skill      XL: |  1  2  3 |
---------------+----------+-----
Spellcasting   | 5 |  5.0
Invocations    | 1 |  1.1
Fighting       | 1 |  1.0
Short Blades   | 1 |  1.0
Long Blades    | 1 |  1.0
Axes           | 1 |  1.0
Maces & Flails | 1 |  1.0
Polearms       | 1 |  1.0
Staves         | 1 |  1.0
Ranged Weapons | 1 |  1.0
Throwing       | 1 |  1.0
Armour         | 1 |  1.0
Shields        | 1 |  1.0
Unarmed Combat | 1 |  1.0
Evocations     | 1 |  1.0
Dodging        | |  4.6
Stealth        | |  4.2
Conjurations   | |  7.1
Hexes          | |  0.8
Summonings     | |  0.8
Necromancy     | |  0.8
Translocations | |  0.8
Transmutations | |  0.8
Fire Magic     | |  0.8
Ice Magic      | |  0.8
Air Magic      | |  0.8
Earth Magic    | |  0.8
Poison Magic   | |  0.8

Action                     |  1- 3 |  4- 6 || total
---------------------------+-------+-------++-------
  Melee: Staff             |    26 |       ||    26
   Cast: Magic Dart        |    57 |       ||    57
   Stab: Sleeping          |     1 |       ||     1
 Armour: Robe              |     4 |       ||     4
  Dodge: Dodged            |    45 |       ||    45

Table legend: (Time is in decaauts)
 A = Elapsed time spent in this place.
 B = Non-inter-level travel time spent in this place.
 C = Inter-level travel time spent in this place.
 D = Time resting spent in this place.
 E = Time spent auto-exploring this place.
 F = Levels seen in this place.
 G = Mean time per level.
                   A        B        C        D        E       F      G
               +--------+--------+--------+--------+--------+-----+--------+
         Total |   1314 |   1307 |      7 |     57 |   1001 |   2 |  657.0 |
       Dungeon |   1314 |   1307 |      7 |     57 |   1001 |   2 |  657.0 |
               +--------+--------+--------+--------+--------+-----+--------+

Top non-repeatable levels by time:
     D:1: 897 daAuts
     D:2: 416 daAuts
